 Dungeon Crawl Stone Soup version 0.20-a0-2-g2b0e13a (webtiles) character file.

63 JeffiDaFish the Skirmisher (level 4, -4/41 HPs)
             Began as a Hill Orc Fighter on Oct 28, 2016.
             Slain by a gnoll
             ... wielding a +0 halberd
              (6 damage)
             ... on level 2 of the Dungeon.
             The game lasted 00:03:10 (726 turns).

JeffiDaFish the Skirmisher (Hill Orc Fighter)        Turns: 726, Time: 00:03:11

Health: -4/41      AC:  6    Str: 17 (19) XL:     4   Next: 9%
Magic:  4/4        EV:  7    Int:  8      God:
Gold:   133        SH:  9    Dex:  8 (10) Spells: 0 memorised, 3 levels left

rFire  . . .     SeeInvis .     a - +0 war axe
rCold  . . .     Gourm    .     b - +0 scale mail
rNeg   . . .     Faith    .     c - +1 shield
rPois  +         Spirit   .     (no helmet)
rElec  .         Reflect  .     (no cloak)
rCorr  .         Harm     .     (no gloves)
MR     .....     Rnd*Rage +     (no boots)
Stlth  ..........               (no amulet)
                                i - ring of loudness (curse)
                                l - ring of poison resistance

@: no status effects
A: talons 1, berserk 1, high mp 1
a: no special abilities


You were on level 2 of the Dungeon.
You were not hungry.

You visited 1 branch of the dungeon, and saw 2 of its levels.

You collected 133 gold pieces.

Inventory:

Hand Weapons
 a - a +0 war axe (weapon)
Armour
 b - a +0 scale mail (worn)
 c - a +1 shield (worn)
Jewellery
 h - an uncursed ring of resist corrosion
 i - a cursed ring of loudness (right hand)
 l - a ring of poison resistance (left hand)
Potions
 d - 2 potions of might
 j - a potion of ambrosia
Comestibles
 f - 2 bread rations
 g - 2 chunks of flesh


   Skills:
 + Level 4.3 Fighting
 + Level 4.0 Axes
 + Level 3.6 Armour
 + Level 0.5 Dodging
 + Level 3.5 Shields


You had 3 spell levels left.
You didn't know any spells.

Dungeon Overview and Level Annotations

Branches:
Dungeon (2/15)

Altars:


Innate Abilities, Weirdness & Mutations

You have sharp toenails.
You tend to lose your temper in combat.
You have an increased reservoir of magic. (+10% MP)


Message History

You hit the gnoll.
The gnoll is lightly wounded.
You block the gnoll's attack.
You barely miss the gnoll.
The gnoll is lightly wounded.
You block the gnoll's attack.
You hit the gnoll. Your kick misses the gnoll.
The gnoll is moderately wounded.
You block the gnoll's attack.
You hit the gnoll.
The gnoll is moderately wounded.
The gnoll hits you with a halberd.
* * * LOW HITPOINT WARNING * * *
You hit the gnoll but do no damage.
The gnoll is moderately wounded.
You block the gnoll's attack.
You barely miss the gnoll. Your kick misses the gnoll.
The gnoll is moderately wounded.
You block the gnoll's attack. The gnoll hits you with a halberd.
You die...

.........#
.........###
...........#
####........####
#.'............ +##
#.#............ ..#
##.#....(.......#..##
...+...........g....+
##.#........ #@#.#
##.#........ #...#
##.######### ##..#
... ##.# ####..# ...
#.. #.....# ...
####### #...#.# #.#
......#. #...#.## #.#
..(..... #...#..# #.#
......# #.####.##
#)#######


You could see a gnoll.

Vanquished Creatures
  2 gnolls (D:2)
  2 adders (D:2)
  3 dart slugs (D:1)
  2 bats
  2 goblins (D:2)
  A hobgoblin (D:1)
  A jackal (D:1)
  4 kobolds (D:1)
  4 frilled lizards
  3 rats
24 creatures vanquished.

Notes
Turn   | Place    | Note
-------+----------+-------------------------------------------
     0 | D:1      | JeffiDaFish the Hill Orc Fighter began the quest for the Orb.
     0 | D:1      | Reached XP level 1. HP: 19/19 MP: 1/1
    39 | D:1      | Reached XP level 2. HP: 27/27 MP: 2/2
    88 | D:1      | Gained mutation: You have sharp toenails. [potion of mutation]
    88 | D:1      | Gained mutation: You have an increased reservoir of magic. (+10% MP) [potion of mutation]
    88 | D:1      | Gained mutation: You tend to lose your temper in combat. [potion of mutation]
   450 | D:2      | Found a faded altar of an unknown god.
   576 | D:2      | Reached XP level 3. HP: 30/33 MP: 3/3
   716 | D:2      | Reached XP level 4. HP: 11/41 MP: 4/4
   724 | D:2      | HP: 1/41 [gnoll/halberd (3)]
   726 | D:2      | Slain by a gnoll

Vault maps used:
D:1:      ncdulo_lavacross, minmay_box_of_dots
D:2:      chequers_temple_overflow_minitemple, ecumenical_altar_2

Skill      XL: |  1  2  3 |
---------------+----------+-----
Axes           | 3 4 |  4.0
Fighting       | 4 |  4.3
Armour         | |  3.6
Dodging        | |  0.5
Shields        | |  3.5

Action                   |  1- 3 |  4- 6 || total
-------------------------+-------+-------++-------
Melee: War axe           |    79 |     8 ||    87
       Kick              |     6 |     2 ||     8
  Use: Scroll            |     6 |       ||     6
       Potion            |     3 |     1 ||     4
Armor: Scale mail        |    36 |       ||    36
Dodge: Dodged            |    31 |     2 ||    33
Block: Shield            |    42 |     6 ||    48
